 Dungeon Crawl Stone Soup version 0.31-a0-424-g41b3b0883d (webtiles) character file.

Game seed: 1406665664218234798

521 Morbidden the Shooter (level 7, 0/53 HPs)
             Began as a Formicid Hunter on July 30, 2023.
             Slain by Duvessa
             ... wielding a +0 short sword
              (6 damage)
             ... on level 5 of the Dungeon.
             The game lasted 00:01:58 (2072 turns).

Morbidden the Shooter (Formicid Hunter)             Turns: 2072, Time: 00:01:59

Health: 0/53       AC:  3    Str: 14 (15) XL:     7   Next: 46%
Magic:  7/7        EV: 17    Int:  9      God:
Gold:   127        SH:  0    Dex: 19      Spells: 6/6 levels left

rFire   . . .        b - +1 sling (flame)
rCold   . . .        (no shield)
rNeg    . . .        c - +0 leather armour
rPois   .            (helmet unavailable)
rElec   .            (no cloak)
rCorr   .            (no gloves)
SInv    +            (no boots)
Will    +....        (no amulet)
Stlth   ++           k - +5 ring of evasion
HPRegen 0.28/turn    (no ring)
MPRegen 0.10/turn

%: no passive effects
@: no status effects
A: permanent stasis, dig shafts and tunnels, antennae 3, four strong arms,
deterioration 1, strong-willed 1
a: Dig, Shaft Self


You were on level 5 of the Dungeon.
You visited 1 branch of the dungeon, and saw 5 of its levels.

You collected 127 gold pieces.

Inventory:

Hand Weapons
 a - a +0 shortbow
 b - a +1 sling of flaming (weapon)
Armour
 c - a +0 leather armour (worn)
Jewellery
 k - a +5 ring of evasion (left hand)
Wands
 g - a wand of paralysis (9)
Scrolls
 e - a scroll of fog
 i - a scroll of identify
 j - a scroll of butterflies
Potions
 d - 2 potions of mutation
 f - 2 potions of lignification {unknown}
 h - 2 potions of curing {unknown}
 l - a potion of might {unknown}


   Skills:
 * Level 3.7 Fighting
 * Level 7.1 Ranged Weapons
 * Level 2.5 Armour
 * Level 2.6 Dodging
 + Level 1.2 Stealth


You had 6 spell levels left.
You didn't know any spells.
Your spell library contained the following spells:

 Spells                   Type           Power      Damage    Failure   Level
 Ensorcelled Hibernation  Hex/Ice        0%         N/A       58%         2
 Anguish                  Hex/Necr       0%         N/A       99%         4


Dungeon Overview and Level Annotations

Branches:
Dungeon (6/15)
 Temple: D:4-7

Altars:
Vehumet

Shops:
D:1 !

Annotations:
D:5 Dowan, Duvessa


Innate Abilities, Weirdness & Mutations

You cannot be hasted, slowed, berserked, paralysed or teleported.
You can dig through walls and to a lower floor.
You have a pair of large antennae on your head. (SInv)
Your four strong arms can wield two-handed weapons with a shield.
Your body sometimes deteriorates upon taking damage.
You are strong-willed. (Will+)


Message History

You shoot a sling bullet. The sling bullet hits Duvessa.
The sling bullet burns Duvessa.
Duvessa is moderately wounded.
Duvessa hits you with a +0 short sword! x2
Unknown command.
You are too injured to fight recklessly!
You are too injured to fight recklessly!
Unknown command.
You are too injured to fight recklessly!
Unknown command.
Unknown command.
Unknown command.
You shoot a sling bullet.
The sling bullet hits Duvessa but does no damage.
Duvessa is moderately wounded.
Duvessa completely misses you.
Dowan casts a spell.
Dowan blinks!
Unknown command.
Unknown command.
You shoot a sling bullet.
The sling bullet closely misses Duvessa.
The sling bullet hits Dowan.
The sling bullet burns Dowan.
Dowan is heavily wounded.
Duvessa closely misses you. Duvessa hits you with a +0 short sword!
Unknown command.
Unknown command.
You shoot a sling bullet. The sling bullet hits Duvessa.
The sling bullet burns Duvessa.
Duvessa is heavily wounded.
Duvessa hits you with a +0 short sword.
* * * LOW HITPOINT WARNING * * *
Unknown command.
It was a potion of mutation.
You feel extremely strange.
You feel yourself wasting away.
You feel strong-willed. Duvessa hits you with a +0 short sword.
* * * LOW HITPOINT WARNING * * *
Your body deteriorates!
You feel weakened. Duvessa hits you with a +0 short sword.
You die...

#.# ## #.# # #.# # #.#
## #.# ##. #.# ##..
##.## ##.>.
...##########...####....
.....ee@...........'....
...##########...####....
, ##.## ##... ####.#
##.. #....# ##. #.####
#. #.# #. #.# ##.
#.##########..


You could see Duvessa (fast) and Dowan.

Vanquished Creatures
  Sigmund (D:2)
  A water moccasin (D:6)
  A bullfrog (D:5)
  A hound (D:5)
  An orc priest (D:6)
  2 orc wizards (D:6)
  3 adders (D:2)
  A worm (D:2)
  3 dart slugs
  An endoplasm (D:1)
  A giant cockroach (D:1)
  3 goblins
  5 hobgoblins
  4 kobolds
  A quokka (D:1)
  2 ball pythons (D:2)
  5 bats
  10 frilled lizards
  7 rats
53 creatures vanquished.

Notes
Turn   | Place    | Note
-------+----------+-------------------------------------------
     0 | D:1      | Morbidden the Formicid Hunter began the quest for the Orb.
     0 | D:1      | Reached XP level 1. HP: 16/16 MP: 1/1
   189 | D:1      | Reached XP level 2. HP: 22/22 MP: 2/2
   263 | D:1      | Found Yfedell's Distillery.
   488 | D:1      | Reached XP level 3. HP: 21/27 MP: 3/3
   773 | D:2      | Reached skill level 1 in Armour
   825 | D:2      | Reached XP level 4. HP: 29/34 MP: 4/4
   899 | D:2      | Reached skill level 5 in Ranged Weapons
  1279 | D:2      | Noticed Sigmund
  1284 | D:2      | Killed Sigmund
  1285 | D:2      | Reached skill level 6 in Ranged Weapons
  1285 | D:2      | Reached XP level 5. HP: 36/41 MP: 5/5
  1285 | D:2      | Reached XP level 6. HP: 42/47 MP: 6/6
  1457 | D:2      | Found a faded altar of an unknown god.
  1574 | D:3      | You fall into a shaft and drop 3 floors!
  1705 | D:6      | Noticed a water moccasin
  1710 | D:6      | Killed a water moccasin
  1788 | D:6      | Reached XP level 7. HP: 52/52 MP: 7/7
  1845 | D:5      | Entered Level 5 of the Dungeon
  1847 | D:5      | Found a radiant altar of Vehumet.
  1918 | D:5      | Reached skill level 7 in Ranged Weapons
  2056 | D:5      | Noticed Dowan
  2061 | D:5      | Noticed Duvessa
  2072 | D:5      | Gained mutation: Your body sometimes deteriorates upon
                  | taking damage. [potion of mutation]
  2072 | D:5      | Gained mutation: You are strong-willed. (Will+) [potion of
                  | mutation]
  2072 | D:5      | Slain by Duvessa

Illustrated notes

Levels and vault maps discovered:
D:1:      dpeg_arrival_renting, layout_loops_ring, serial_shops,
          nicolae_shop_rolling_square
D:2:      layout_loops_ring, dreamdust_ecumenical_altar_hidden_monk_grotto,
          minmay_misc_feat_room, minmay_lizard_pond, uniq_sigmund
D:3:      layout_rooms
D:5:      layout_loops_corners, mainiacjoe_overflow_cross_hatched,
          nicolae_qazlal_scattered_showers,
          nicolae_hepliaklqana_monster_ancestors, lemuel_doored_altar,
          grunt_decor_fettered, minmay_fractal_squares_diagonal_5,
          uniq_blork_the_orc, uniq_grinder, uniq_edmund, uniq_duvessa
D:6:      layout_basic, serial_shops, shop_statue, uniq_eustachio

Skill      XL: |  1  2  3  4  5  6  7 |
---------------+----------------------+-----
Dodging        | 2 |  2.6
Armour         | 1 2 |  2.5
Ranged Weapons | 6 7 |  7.1
Fighting       | 3 |  3.7
Stealth        | |  1.2

Action                     |  1- 3 |  4- 6 |  7- 9 || total
---------------------------+-------+-------+-------++-------
   Fire: Shortbow          |    73 |     1 |       ||    74
         Sling             |       |    60 |    36 ||    96
Ability: Shaft Self        |       |     1 |       ||     1
    Use: Scroll            |       |       |     2 ||     2
         Potion            |       |       |     1 ||     1
 Armour: Leather armour    |     4 |     1 |     1 ||     6
  Dodge: Dodged            |    12 |    18 |    10 ||    40

Table legend: (Time is in decaauts)
 A = Elapsed time spent in this place.
 B = Non-inter-level travel time spent in this place.
 C = Inter-level travel time spent in this place.
 D = Time resting spent in this place.
 E = Time spent auto-exploring this place.
 F = Levels seen in this place.
 G = Mean time per level.
                   A        B        C        D        E       F      G
               +--------+--------+--------+--------+--------+-----+--------+
         Total |   2097 |   2060 |     37 |    165 |   1541 |   5 |  419.4 |
       Dungeon |   2097 |   2060 |     37 |    165 |   1541 |   5 |  419.4 |
               +--------+--------+--------+--------+--------+-----+--------+

Top non-repeatable levels by time:
     D:2: 890 daAuts
     D:1: 697 daAuts
     D:6: 276 daAuts
     D:5: 224 daAuts
     D:3: 7 daAuts
